 Dungeon Crawl Stone Soup version 0.28.0-43-g3370ac3207 (webtiles) character file.

Game seed: 7396343224545194780

77 sking99 the Skirmisher (level 4, -2/35 HPs)
             Began as a Demonspawn Fighter on Mar 24, 2022.
             Was a Believer of Ru.
             Slain by Crazy Yiuf
             ... wielding a +2 quarterstaff of chaos
              (8 damage)
             ... on level 2 of the Dungeon.
             The game lasted 00:03:28 (2502 turns).

sking99 the Skirmisher (Demonspawn Fighter)         Turns: 2502, Time: 00:03:28

Health: -2/35      AC:  6    Str: 18    XL:     4   Next: 14%
Magic:  4/4        EV: 14    Int:  9    God:    Ru [**....]
Gold:   79         SH:  4    Dex: 13    Spells: 3/3 levels left

rFire   . . .      SeeInvis .   a - +0 flail
rCold   . . .      Faith    .   c - +0 buckler
rNeg    . . .      Spirit   .   b - +0 scale mail
rPois   .          Reflect  .   (no helmet)
rElec   .          Harm     .   (no cloak)
rCorr   .          Rampage  .   (no gloves)
Will    .....                   (no boots)
Stlth   ..........              (no amulet)
HPRegen 0.11/turn               (no ring)
MPRegen 0.09/turn               (no ring)

@: agile
A: hated by all, condensation shield
a: Renounce Religion


You were on level 2 of the Dungeon.
You worshipped Ru.
Ru was pleased with you.
You visited 1 branch of the dungeon, and saw 2 of its levels.

You collected 79 gold pieces.

Inventory:

Hand Weapons
 a - a +0 flail (weapon)
Armour
 b - a +0 scale mail (worn)
 c - a +0 buckler (worn)
Jewellery
 i - a ring of fire
Wands
 h - a wand of flame (18)
Scrolls
 e - a scroll of teleportation {unknown}
 g - a scroll of brand weapon {unknown}
 j - 2 scrolls of identify {unknown}
 k - a scroll of magic mapping {unknown}
Potions
 d - a potion of might
 f - a potion of curing {unknown}


   Skills:
 + Level 3.4 Fighting
 * Level 2.9 Maces & Flails
 + Level 3.1 Armour
 + Level 3.1 Shields


You had 3 spell levels left.
You didn't know any spells.
Your spell library contained the following spells:

 Spells                   Type           Power      Damage    Failure   Level
 Frozen Ramparts          Ice            0%         1d2       99%         3
 Ice Form                 Ice/Tmut       0%         N/A       100%        4
 Summon Ice Beast         Ice/Summ       Unusable   N/A       N/A         4

Dungeon Overview and Level Annotations

Branches:
Dungeon (2/15)

Altars:
Ru

Annotations:
D:2 Crazy Yiuf


Innate Abilities, Weirdness & Mutations

You are hated by all.
A meltable shield of frost defends you. (SH +0)


Message History

Things that are here:
a +0 dagger; a +0 ring mail You see here an orb of wrath.
Partly explored, can't reach some places.
Partly explored, can't reach some places.
Partly explored, can't reach some places.
You see here an orb of wrath.
You hit the fungus.
The fungus begins to die.
The fungus is lightly damaged.
You thump the fungus!
The fungus is lightly damaged.
You hit the fungus.
The fungus is lightly damaged.
You sock the fungus!
The fungus is lightly damaged.
A nearby fungus withers and dies.
You sock the fungus!
The fungus begins to die.
The fungus is lightly damaged.
Found a mace.
Found a runed translucent door.
A nearby fungus withers and dies.
Crazy Yiuf shouts!
Okay, then.
You open the door. You barely miss Crazy Yiuf. Crazy Yiuf closely misses you.
You closely miss Crazy Yiuf.
Crazy Yiuf screams, "Iron testudinal arm!"
You block Crazy Yiuf's attack.
Crazy Yiuf hits you with a +2 quarterstaff of chaos!
Your condensation shield dissipates!
Crazy Yiuf burns you.
You closely miss Crazy Yiuf. Crazy Yiuf barely misses you.
You sock Crazy Yiuf!
Crazy Yiuf is moderately wounded.
Crazy Yiuf barely misses you.
Crazy Yiuf hits you with a +2 quarterstaff of chaos!
* * * LOW HITPOINT WARNING * * *
You feel agile all of a sudden.
You hit Crazy Yiuf.
Crazy Yiuf is heavily wounded.
Crazy Yiuf hits you with a +2 quarterstaff of chaos!
You die...

#......#.##.##########..#
#... #......#.#..[.....#
##.# #...
#......#.#####....# #.#
#... #......#.## #....##
#.# #... #####.##..#
#....# #.###..# #.##..#
♣.PP♣♣ ###..##..# #.....#
♣..P♣ #........[ #####.#
♣♣.♣♣ ####...... ### ♣@♣♣
##.#### ♣♣g♣ #..... ♣.♣♣
#..... ♣♣.♣ #..... #'#
##.... ... #..## #...#
#######.## #..)#
#......... #####
#..####.##


You could see Crazy Yiuf.

Vanquished Creatures
  Robin (D:2)
  An adder (D:2)
  A worm (D:2)
  A dart slug (D:1)
  A ball python (D:1)
  3 endoplasms
  3 giant cockroaches (D:1)
  12 goblins
  4 hobgoblins
  3 jackals (D:2)
  5 kobolds
  2 quokkas
  A bat (D:2)
  6 frilled lizards
  5 rats
49 creatures vanquished.

Vanquished Creatures (others)
  2 fungi (D:2)
2 creatures vanquished.

Grand Total: 51 creatures vanquished

Notes
Turn   | Place    | Note
-------+----------+-------------------------------------------
     0 | D:1      | sking99 the Demonspawn Fighter began the quest for the Orb.
     0 | D:1      | Reached XP level 1. HP: 18/18 MP: 1/1
    53 | D:1      | Found a faded altar of an unknown god.
    90 | D:1      | Prayed at the altar of an unknown god.
    90 | D:1      | Became a worshipper of Ru the Awakened
    99 | D:1      | Gained mutation: You are hated by all. [Ru sacrifice]
    99 | D:1      | Reached * piety under Ru
    99 | D:1      | Reached ** piety under Ru
   342 | D:1      | Gained mutation: A meltable shield of frost defends you.
                  | (SH +0) [demonic ancestry]
   342 | D:1      | Reached XP level 2. HP: 24/24 MP: 2/2
  1159 | D:2      | Reached XP level 3. HP: 29/29 MP: 3/3
  1256 | D:2      | Noticed Robin
  1286 | D:2      | Killed Robin
  1996 | D:2      | Reached XP level 4. HP: 35/35 MP: 4/4
  2489 | D:2      | Found a runed translucent door.
  2490 | D:2      | Noticed Crazy Yiuf
  2502 | D:2      | Slain by Crazy Yiuf

Illustrated notes

Levels and vault maps discovered:
D:1:      scummos_arrival_gate, layout_basic,
          shapermc_ecumenical_altar_acropolis
D:2:      layout_basic, minmay_lizard_pond, uniq_robin, uniq_crazy_yiuf_cottage

Skill      XL: |  1  2  3 |
---------------+----------+-----
Maces & Flails | 2 |  2.9
Armour         | 3 |  3.1
Shields        | 3 |  3.1
Fighting       | |  3.4

Action                   |  1- 3 |  4- 6 || total
-------------------------+-------+-------++-------
Melee: Flail             |   167 |    18 ||   185
Invok: Sacrifice Love    |     1 |       ||     1
Armor: Scale mail        |    77 |     2 ||    79
Dodge: Dodged            |    87 |     5 ||    92
Block: Buckler           |   103 |     6 ||   109
